Map: Prion Terraces

Players

lllKOlll

  • Race: Terran Terran
  • League: Platinum

VampyWorm - Winner!

  • Race: Protoss Protoss
  • League: Diamond

VOD

Have the link to the VOD?

Description

Time

  • Played on: Dec. 16, 2015, 3 p.m.
  • Length: 12:18
Show
View Real Time Build Order
Export as new Build Order

lllKOlll Terran 

Build Orders: 1/1/1, Banshee Rush 

Get SALT Encoding   

  12  0:00  SCV  
  13  0:13  SCV  
  14  0:17  Supply Depot  
  14  0:25  SCV  
  15  0:35  Refinery  
  15  0:39  SCV  
  16  0:44  Barracks  
  16  0:51  SCV  
  17  0:58  Refinery  
  17  1:02  Supply Depot  
  17  1:06  SCV  
  18  1:18  SCV  
  19  1:34  Factory  
  19  1:40  Orbital Command  
  20  1:55  Barracks Reactor  
  19  2:06  SCV  
  20  2:18  Factory Tech Lab, Starport  
  20  2:20  SCV  
  21  2:32  Marine x2  
  21  2:33  SCV  
  24  2:49  Command Center  
  24  2:59  Cloaking Field  
  24  3:02  Banshee  
  27  3:06  Widow Mine  
  29  3:14  Supply Depot  
  29  3:19  Marine  
  30  3:20  Marine  
  31  3:35  Widow Mine  
  31  3:37  Marine x2  
  35  3:44  Banshee  
  35  3:45  SCV  
  39  3:57  Supply Depot  
  39  4:00  Marine x2  
  41  4:07  Orbital Command  
  41  4:10  SCV  
  42  4:18  Marine x2  
  42  4:19  Widow Mine  
  46  4:27  Banshee  
  49  4:36  Marine x2  
  51  4:44  Bunker  
  51  4:46  Bunker  
  51  4:48  Widow Mine  
  53  5:11  Banshee  
  56  5:16  Widow Mine  
  56  5:20  Marine  
  57  5:21  Marine  
  57  5:30  Barracks  
  57  5:31  SCV  
  57  5:32  SCV  
  48  5:55  Engineering Bay  
  43  6:20  Marine  
  43  6:22  SCV  
  43  6:34  SCV  
  43  6:36  Missile Turret  
  43  6:38  Marine  
  43  6:39  SCV, Missile Turret  
  46  6:40  Missile Turret  
  46  6:43  Marine  
  46  6:46  SCV  
  48  6:48  Widow Mine  
  48  6:49  Banshee  
  48  6:51  Missile Turret  
  53  6:55  Barracks  
  53  6:56  Marine  
  54  7:02  Barracks  
  51  7:14  Marine  
  51  7:15  Marine  
  53  7:22  Widow Mine  
  53  7:27  SCV  
  56  7:31  Marine  
  56  7:32  Banshee  
  59  7:49  Marine x4  
  60  8:07  Marine x2  
  60  8:08  Marine  
  52  8:23  Marine  
  52  8:25  Marine x2  
Show
View Real Time Build Order
Export as new Build Order

VampyWorm Protoss - Winner!

Build Orders: 1 Gate Expand, Dark Templar Rush 

Get SALT Encoding   

  12  0:01  Probe (Chrono Boost)  
  13  0:12  Probe (Chrono Boost)  
  14  0:19  Pylon  
  14  0:22  Probe (Chrono Boost)  
  15  0:37  Probe (Chrono Boost)  
  15  0:38  Gateway  
  16  0:47  Probe (Chrono Boost)  
  17  1:09  Nexus  
  17  1:15  Assimilator  
  17  1:20  Assimilator  
  17  1:22  Probe (Chrono Boost)  
  18  1:33  Cybernetics Core  
  18  1:35  Probe (Chrono Boost)  
  19  1:46  Probe (Chrono Boost)  
  20  1:56  Probe (Chrono Boost)  
  20  2:00  Pylon  
  21  2:09  Warp Gate  
  21  2:11  Mothership Core (Chrono Boost)  
  23  2:18  Adept  
  25  2:23  Probe (Chrono Boost)  
  27  2:30  Probe (Chrono Boost)  
  27  2:36  Twilight Council  
  27  2:39  Probe (Chrono Boost)  
  28  2:50  Pylon  
  28  3:00  Robotics Facility  
  28  3:04  Probe (Chrono Boost)  
  29  3:07  Probe (Chrono Boost)  
  30  3:15  Probe (Chrono Boost)  
  31  3:22  Dark Shrine  
  31  3:29  Probe x2 (Chrono Boost)  
  33  3:39  Probe (Chrono Boost)  
  35  3:45  Gateway  
  34  3:48  Gateway  
  34  3:55  Warp Prism (Chrono Boost)  
  34  3:59  Probe x2  
  38  4:10  Probe  
  38  4:11  Probe  
  38  4:14  Pylon  
  40  4:20  Probe  
  40  4:23  Probe  
  42  4:30  Observer (Chrono Boost)  
  42  4:31  Probe  
  43  4:35  Pylon  
  42  4:43  Probe  
  42  4:44  Probe  
  40  4:54  Pylon  
  40  4:58  Probe  
  40  5:02  Dark Templar x2  
  40  5:03  Probe  
  45  5:13  Probe  
  46  5:15  Probe  
  46  5:20  Assimilator  
  47  5:25  Probe x2  
  47  5:52  Dark Templar  
  47  5:54  Probe  
  48  5:57  Probe  
  49  6:06  Probe  
  49  6:07  Probe, Zealot x2  
  55  6:15  Assimilator  
  55  6:18  Probe  
  53  6:19  Probe  
  53  6:28  Probe  
  53  6:31  Probe  
  53  6:39  Probe, Zealot  
  55  6:40  Zealot x2, Stargate  
  55  6:41  Pylon  
  55  6:43  Probe  
  55  6:46  Gateway  
  61  6:47  Gateway  
  61  6:50  Probe  
  62  6:55  Probe  
  57  7:09  Probe  
  57  7:11  Observer (Chrono Boost)  
  59  7:18  Dark Templar x2  
  63  7:24  Nexus, Void Ray (Chrono Boost)  
  67  7:31  Probe  
  67  7:34  Pylon  
  67  7:36  Pylon  
  68  7:47  Forge  
  68  7:48  Pylon  
  66  7:53  Dark Templar, Adept  
  66  7:54  Adept x2  
  66  8:22  Dark Templar x3  
  72  8:33  Probe  
  67  8:43  Photon Cannon  
  67  8:44  Photon Cannon  
  67  8:46  Photon Cannon  
  64  8:50  Photon Cannon  
  50  8:59  Dark Templar x2, Adept  
  53  9:07  Probe  
  49  9:17  Observer  
  50  9:27  Probe  
  49  9:37  Probe  
  50  9:48  Probe  
  51  9:55  Void Ray (Chrono Boost)  
  51  9:56  Probe  
  51  9:59  Probe  
  57  10:09  Probe  
  57  10:10  Zealot  
  59  10:20  Probe  
  60  10:30  Probe  
  59  10:44  Probe, Zealot  
  59  10:48  Assimilator  
  62  10:51  Assimilator  
  62  10:55  Probe  
  63  11:00  Probe  
  64  11:05  Probe  
  64  11:07  Void Ray (Chrono Boost)  
  69  11:12  Probe  
  69  11:16  Probe  
  71  11:24  Probe  
  72  11:26  Probe  
  73  11:36  Probe  
  73  11:39  Dark Templar x2  
  78  11:43  Zealot  
  80  12:12  Zealot x3  
Tags
 
Add a new tag
Caveats
  • Supply blocks, unpowered buildings, or Contaminate may cause inaccurate times.
  • Supply counts are checked every 10 seconds.